 Dungeon Crawl Stone Soup version 0.30-a0-711-gf4ac18a38d (webtiles) character file.

Game seed: 3904635106324225187

4118 brightshaft the Slicer (level 10, -5/79 HPs)
             Began as a Gnoll Reaver on Jan 22, 2023.
             Was an Elder of Cheibriados.
             Killed from afar by an acid dragon (19 damage)
             ... with a splash of acid
             ... on level 7 of the Dungeon on Jan 23, 2023.
             The game lasted 00:31:45 (8244 turns).

brightshaft the Slicer (Gnoll Reaver)               Turns: 8244, Time: 00:31:46

Health: -5/79      AC: 18    Str: 20    XL:     10   Next: 26%
Magic:  4/21       EV: 20    Int: 29    God:    Cheibriados [****..]
Gold:   842        SH: 11    Dex: 20    Spells: 3/23 levels left

rFire   . . .      SeeInvis .    T - +3 short sword (freeze)
rCold   . . .      Faith    .    I - +0 buckler
rNeg    . . .      Spirit   .    D - +3 ring mail
rPois   .          Reflect  +    E - +0 helmet
rElec   .          Harm     .    v - +1 cloak
rCorr   .          Rampage  .    (no gloves)
Will    .....                    S - +1 pair of boots {Fly}
Stlth   +++                      x - amulet of Doubts {Reflect Int+3 SH+5}
HPRegen 0.33/turn                d - +5 ring of evasion
MPRegen 0.17/turn                y - +4 ring of protection

@: flying, very slightly contaminated, very slow
A: fangs 1, strong nose, distributed training
a: Renounce Religion, Bend Time, Temporal Distortion, Slouch


You were on level 7 of the Dungeon.
You worshipped Cheibriados.
Cheibriados was greatly pleased with you.
You visited 1 branch of the dungeon, and saw 8 of its levels.
You also visited: Bailey.

You collected 842 gold pieces.

Inventory:

Hand Weapons
 i - a +0 arbalest
 w - a +4 quarterstaff of freezing
 N - a +1 dagger of electrocution
 T - a +3 short sword of freezing (weapon)
Missiles
 p - a throwing net
Armour
 j - a scarf of shadows
 n - a +0 scale mail
 o - a +1 robe of resistance
 v - a +1 cloak (worn)
 B - a +0 kite shield
 D - a +3 ring mail (worn)
 E - a +0 helmet (worn)
 I - a +0 buckler (worn)
 S - a +1 pair of boots of flying (worn)
Jewellery
 c - a ring of ice
 d - a +5 ring of evasion (left hand)
 e - a ring of ice
 g - an amulet of regeneration
 s - a ring of flight
 x - the amulet of Doubts (around neck) {Reflect Int+3 SH+5}
   (You found it on level 3 of the Dungeon)

   [amulet of reflection]

   It reflects blocked missile attacks.
   Int:       It affects your intelligence (+3).
   SH:        It affects your SH (+5).
 y - a +4 ring of protection (right hand)
 C - a ring of magical power
 L - a ring of ice
Wands
 F - a wand of roots (12)
 H - a wand of polymorph (8)
 U - a wand of mindburst (11) {@v3}
 V - a wand of charming (8)
Scrolls
 l - 4 scrolls of teleportation {@r4}
 A - 7 scrolls of identify {@r1}
 G - a scroll of fog
 Q - a scroll of brand weapon
Potions
 h - 3 potions of attraction {unknown}
 m - 3 potions of curing {@q1}
 q - 3 potions of heal wounds {unknown}
 t - 2 potions of ambrosia {unknown}
 z - 3 potions of mutation {unknown}
 J - 4 potions of flight
 O - a potion of invisibility {unknown}
 P - a potion of cancellation {unknown}
 R - a potion of brilliance
Miscellaneous
 K - a tin of tremorstones (2/2)


   Skills:
 + Level 7.1 Fighting
 + Level 8.5 Short Blades
 + Level 5.3 Long Blades
 + Level 5.3 Axes
 + Level 5.3 Maces & Flails
 + Level 5.3 Polearms
 + Level 5.3 Staves
 + Level 5.3 Ranged Weapons
 + Level 5.3 Throwing
 + Level 5.3 Armour
 + Level 7.1 Dodging
 + Level 5.3 Stealth
 + Level 5.3 Shields
 + Level 5.3 Unarmed Combat
 + Level 7.4 Spellcasting
 + Level 7.1 Conjurations
 + Level 4.4 Hexes
 + Level 4.4 Summonings
 + Level 4.4 Necromancy
 + Level 4.4 Translocations
 + Level 4.4 Transmutations
 + Level 4.4 Fire Magic
 + Level 4.4 Ice Magic
 + Level 4.4 Air Magic
 + Level 4.4 Earth Magic
 + Level 4.4 Poison Magic
 + Level 5.8 Invocations
 + Level 5.3 Evocations


You had 3 spell levels left.
You knew the following spells:

 Your Spells              Type           Power      Damage    Failure   Level
a - Kiss of Death         Conj/Necr      100%       2d13      1%          1
b - Magic Dart            Conj           100%       1d8       1%          1
c - Searing Ray           Conj           100%       2d8       1%          2
d - Poisonous Vapours     Pois/Air       72%        N/A       2%          2
e - Hailstorm             Conj/Ice       44%        3d10      2%          3
f - Vhi's Electric Charg  Tloc/Air       72%        N/A       4%          3
g - Sticky Flame          Conj/Fire      44%        2d6       10%         4
h - Iskenderun's Mystic   Conj/Tloc      44%        2d10      10%         4

Your spell library contained the following spells:

 Spells                   Type           Power      Damage    Failure   Level
 Sting                    Tmut/Pois      100%       1d8       1%          1
 Momentum Strike          Conj/Tloc      88%        3d10      1%          2
 Dazzling Flash           Conj/Hex       88%        N/A       2%          3
 Fulminant Prism          Conj/Hex       22%        3d12      10%         4
 Manifold Assault         Tloc           36%        N/A       16%         4
 Olgreb's Toxic Radiance  Pois           36%        N/A       16%         4
 Arcjolt                  Conj/Air       22%        1d32      26%         5
 Lightning Bolt           Conj/Air       22%        1d37      26%         5
 Freezing Cloud           Conj/Ice/Air   20%        6-21      32%         5
 Summon Forest            Summ/Tloc      18%        N/A       41%         5
 Starburst                Conj/Fire      22%        6d7       82%         6
 Dispersal                Tloc           18%        N/A       94%         6
 Eringya's Noxious Bog    Tmut/Pois      18%        N/A       94%         6
 Summon Hydra             Summ           18%        N/A       100%        7
 Disjunction              Tloc           18%        N/A       100%        8
 Maxwell's Capacitive Co  Air            18%        ∞         100%        8


Dungeon Overview and Level Annotations

Branches:
Dungeon (8/15)             Temple (0/1) D:6          Bailey (visited)
   Lair: D:8-11

Altars:
Ashenzari
Cheibriados
Elyvilon
Ru
Trog
Wu Jian
Xom
Zin

Shops:
D:7 *


Innate Abilities, Weirdness & Mutations

You have very sharp teeth.
Your uncanny sense of smell can sniff out nearby items.
Your experience applies equally to all skills.


Message History

The orc is moderately wounded.
The gnoll barely misses you. The orc completely misses you.
Casting: Iskenderun's Mystic Blast (dangerous; 10% risk of failure)
Confirm with . or Enter, or press ? or * to list all spells.
You miscast Iskenderun's Mystic Blast.
You feel a strange surge of energy!
* * * LOW HITPOINT WARNING * * *
You block the gnoll's attack. The orc barely misses you.
Casting: Iskenderun's Mystic Blast (dangerous; 10% risk of failure)
Confirm with . or Enter, or press ? or * to list all spells.
You erupt in a blast of force!
The mystic blast hits the acid dragon!
The acid dragon is almost dead.
The acid dragon is knocked back by the mystic blast.
The mystic blast hits the gnoll!
You kill the gnoll!
Cheibriados thoroughly appreciates the change of pace.
The mystic blast hits the orc!
You kill the orc!
Cheibriados thoroughly appreciates the change of pace.
You are no longer locked in place.
Casting: Iskenderun's Mystic Blast (dangerous; 10% risk of failure)
Confirm with . or Enter, or press ? or * to list all spells.
You can't see any susceptible monsters within range! (Use Z to cast anyway.) Unknown command.
Casting: Iskenderun's Mystic Blast (dangerous; 10% risk of failure)
Confirm with . or Enter, or press ? or * to list all spells.
You can't see any susceptible monsters within range! (Use Z to cast anyway.) Unknown command.
Casting: Iskenderun's Mystic Blast (dangerous; 10% risk of failure)
Confirm with . or Enter, or press ? or * to list all spells.
You can't see any susceptible monsters within range! (Use Z to cast anyway.)
Casting: Iskenderun's Mystic Blast (dangerous; 10% risk of failure)
Confirm with . or Enter, or press ? or * to list all spells.
Aiming: Magic Dart (safe; 1% risk of failure)
Press: ? - help, Shift-Dir - straight line, f - acid dragon
Aim: an acid dragon (almost dead, 100% to hit)
The magic dart hits the acid dragon.
The acid dragon is almost dead.
The acid dragon spits acid at you. The splash of acid hits you!!
You die...

..[............###........##
..)[............###(.##..##
........#....#...#()###.##
........#.#..###....##...##
............D##...###.....#
....#..###.....##.# ##..###
....#..# #......(.#####..##
..###..# #..[[.)..#.......#
...###.# ##.[<()@.....#..########
..## #.# ##))[[†)..####...##...#
...###.#####[).......# ##...#....
.....................###.........
..###..............##...........#
.####...##..........##........###
...##....##................####
.........##......≈≈~≈≈.......##
#........#.......≈.>.≈..##....#


You could see an acid dragon (catching breath).

Vanquished Creatures
  Maggie (D:6)
  Prince Ribbit (D:6)
  A wyvern (D:7)
  6 orc warriors
  An ice beast (D:6)
  4 black bears
  2 ogres
  3 phantoms
  2 kobold brigands
  4 bullfrogs
  A scorpion (D:4)
  4 wights
  5 killer bees
  3 howler monkeys
  8 jellies
  A gnoll bouda (D:8)
  2 hounds
  4 orc priests
  Crazy Yiuf (D:2)
  2 iguanas
  Natasha (twice) (D:4)
  8 orc wizards
  Robin (D:2)
  5 gnolls
  11 adders
  A white imp (D:7)
  2 ufetubi (D:4)
  4 worms
  A dart slug (D:1)
  31 orcs
  6 ball pythons
  6 endoplasms
  3 giant cockroaches
  23 goblins
  10 hobgoblins
  9 jackals
  9 quokkas
  9 bats
  26 kobolds
  3 rats (D:2)
226 creatures vanquished.

Vanquished Creatures (others)
  2 toadstools (D:8)
2 creatures vanquished.

Grand Total: 228 creatures vanquished

Notes
Turn   | Place    | Note
-------+----------+-------------------------------------------
     0 | D:1      | brightshaft the Gnoll Reaver began the quest for the Orb.
     0 | D:1      | Reached XP level 1. HP: 20/20 MP: 6/6
   253 | D:1      | Reached XP level 2. HP: 26/26 MP: 7/7
   575 | D:1      | Reached skill level 5 in Spellcasting
   575 | D:1      | Reached XP level 3. HP: 31/31 MP: 7/9
   577 | D:1      | Learned a level 1 spell: Magic Dart
   580 | D:1      | Learned a level 2 spell: Searing Ray
   767 | D:2      | Reached skill level 1 in Invocations
   861 | D:2      | Noticed Robin
   881 | D:2      | Killed Robin
   882 | D:2      | Reached skill level 1 in Long Blades
   882 | D:2      | Reached skill level 1 in Axes
   882 | D:2      | Reached skill level 1 in Maces & Flails
   882 | D:2      | Reached skill level 1 in Polearms
   882 | D:2      | Reached skill level 1 in Staves
   882 | D:2      | Reached skill level 1 in Ranged Weapons
   882 | D:2      | Reached skill level 1 in Throwing
   882 | D:2      | Reached skill level 1 in Armour
   882 | D:2      | Reached skill level 1 in Stealth
   882 | D:2      | Reached skill level 1 in Shields
   882 | D:2      | Reached skill level 1 in Unarmed Combat
   882 | D:2      | Reached skill level 1 in Evocations
   897 | D:2      | Reached XP level 4. HP: 24/38 MP: 2/11
  1045 | D:2      | Reached skill level 1 in Hexes
  1045 | D:2      | Reached skill level 1 in Summonings
  1045 | D:2      | Reached skill level 1 in Necromancy
  1045 | D:2      | Reached skill level 1 in Translocations
  1045 | D:2      | Reached skill level 1 in Transmutations
  1045 | D:2      | Reached skill level 1 in Fire Magic
  1045 | D:2      | Reached skill level 1 in Ice Magic
  1045 | D:2      | Reached skill level 1 in Air Magic
  1045 | D:2      | Reached skill level 1 in Earth Magic
  1045 | D:2      | Reached skill level 1 in Poison Magic
  1619 | D:2      | Found a runed translucent door.
  1620 | D:2      | Noticed Crazy Yiuf
  1625 | D:2      | Killed Crazy Yiuf
  1626 | D:2      | Reached XP level 5. HP: 30/35 MP: 9/12
  1910 | D:3      | Identified the amulet of Doubts {Reflect Int+3 SH+5}
  2102 | D:3      | Found a bloodstained altar of Trog.
  2345 | D:3      | Found a faded altar of an unknown god.
  2395 | D:3      | Got the Quarto of Confrontation
  2782 | D:4      | Reached XP level 6. HP: 47/50 MP: 14/14
  2803 | D:4      | Reached skill level 5 in Fighting
  2803 | D:4      | Reached skill level 5 in Dodging
  3032 | D:4      | Reached XP level 7. HP: 55/56 MP: 15/15
  3056 | D:4      | Reached skill level 7 in Short Blades
  3087 | D:4      | Noticed Natasha
  3095 | D:4      | Killed Natasha
  3200 | D:4      | Noticed Natasha
  3204 | D:4      | Killed Natasha
  3240 | D:4      | Found a glowing silver altar of Zin.
  3418 | D:5      | Entered Level 5 of the Dungeon
  3468 | D:5      | Found a white marble altar of Elyvilon.
  3563 | D:5      | Identified the +1 short sword of Understanding {chaos,
                  | rElec rF+ rC+ Str+3}
  3719 | D:5      | Reached XP level 8. HP: 63/63 MP: 12/16
  3762 | D:5      | Found a snail-covered altar of Cheibriados.
  3771 | D:5      | Became a worshipper of Cheibriados the Contemplative
  4152 | D:5      | Found a broken altar of Ashenzari.
  4153 | D:5      | Found a sacrificial altar of Ru.
  4156 | D:5      | Found an ornate altar of the Wu Jian Council.
  4199 | D:5      | Found a large runed translucent door.
  4199 | D:5      | Found a large runed translucent door.
  4201 | D:5      | Found a shimmering altar of Xom.
  4618 | D:6      | Found a staircase to the Ecumenical Temple.
  4771 | D:6      | Noticed Prince Ribbit
  4791 | D:6      | Killed Prince Ribbit
  4940 | D:6      | Reached * piety under Cheibriados
  5108 | D:6      | Reached XP level 9. HP: 37/69 MP: 11/18
  5892 | D:6      | Learned a level 2 spell: Poisonous Vapours
  5913 | D:7      | Identified a scroll of acquirement
  5913 | D:7      | Acquired 498 gold pieces
  5946 | D:7      | Found Olairufot's Elemental Accessories.
  5946 | D:7      | Noticed Maggie
  6071 | D:6      | Learned a level 3 spell: Hailstorm
  6124 | D:7      | Found a flagged portal.
  6170 | Bailey   | Entered a bailey
  6300 | Bailey   | Identified the +1 trident of Buczuis {flame, Fragile rElec
                  | rCorr Int+5}
  6331 | Bailey   | Reached skill level 8 in Short Blades
  6382 | Bailey   | Reached ** piety under Cheibriados
  6569 | Bailey   | Reached skill level 5 in Invocations
  6930 | D:6      | Killed Maggie
  6958 | D:6      | Learned a level 3 spell: Vhi's Electric Charge
  7113 | D:7      | Reached skill level 5 in Long Blades
  7113 | D:7      | Reached skill level 5 in Axes
  7113 | D:7      | Reached skill level 5 in Maces & Flails
  7113 | D:7      | Reached skill level 5 in Polearms
  7113 | D:7      | Reached skill level 5 in Staves
  7113 | D:7      | Reached skill level 5 in Ranged Weapons
  7113 | D:7      | Reached skill level 5 in Throwing
  7113 | D:7      | Reached skill level 5 in Armour
  7113 | D:7      | Reached skill level 5 in Stealth
  7113 | D:7      | Reached skill level 5 in Shields
  7113 | D:7      | Reached skill level 5 in Unarmed Combat
  7113 | D:7      | Reached skill level 5 in Evocations
  7113 | D:7      | Reached XP level 10. HP: 36/77 MP: 20/20
  7154 | D:6      | Learned a level 4 spell: Sticky Flame
  7159 | D:6      | Learned a level 4 spell: Iskenderun's Mystic Blast
  7351 | D:7      | Reached *** piety under Cheibriados
  8200 | D:7      | Reached **** piety under Cheibriados
  8244 | D:7      | Killed from afar by an acid dragon

Illustrated notes

Levels and vault maps discovered:
D:1:      dpeg_arrival_rhombus, layout_basic
D:2:      layout_loops_ring, kennysheep_generic_room_16, uniq_robin,
          uniq_crazy_yiuf_cottage
D:3:      layout_loops_cross, mainiacjoe_overflow_surrounded_room,
          ebering_ecumenical_altar_rust
D:4:      cheibrodos_barr_body, layout_loops_ring, zin_scriptorium,
          corexii_item_surrounded_by_moat, uniq_natasha
D:5:      due_chaos_kobolds, layout_loops_ring, overflow_temple_1_default,
          nicolae_overflow_crystal_walls, minitemple
D:6:      layout_cave_pods, minmay_temple_entry_butterflies, uniq_prince_ribbit1
D:7:      layout_cave_pools, enter_bailey_5, ebering_dispersal_statue_hall,
          nicolae_elemental_shop, uniq_maggie
D:8:      layout_basic, grunt_decor_junction, minmay_gold_behind_fungi,
          minmay_increasing_density

Skill      XL: |  1  2  3  4  5  6  7  8  9 10 |
---------------+-------------------------------+-----
Spellcasting   | 5 6 7 |  7.4
Invocations    | 1 2 3 4 5 |  5.8
Long Blades    | 1 2 3 5 |  5.3
Axes           | 1 2 3 5 |  5.3
Maces & Flails | 1 2 3 5 |  5.3
Polearms       | 1 2 3 5 |  5.3
Staves         | 1 2 3 5 |  5.3
Ranged Weapons | 1 2 3 5 |  5.3
Throwing       | 1 2 3 5 |  5.3
Armour         | 1 2 3 5 |  5.3
Stealth        | 1 2 3 5 |  5.3
Shields        | 1 2 3 5 |  5.3
Unarmed Combat | 1 2 3 5 |  5.3
Evocations     | 1 2 3 5 |  5.3
Hexes          | 1 2 3 4 |  4.4
Summonings     | 1 2 3 4 |  4.4
Necromancy     | 1 2 3 4 |  4.4
Translocations | 1 2 3 4 |  4.4
Transmutations | 1 2 3 4 |  4.4
Fire Magic     | 1 2 3 4 |  4.4
Ice Magic      | 1 2 3 4 |  4.4
Air Magic      | 1 2 3 4 |  4.4
Earth Magic    | 1 2 3 4 |  4.4
Poison Magic   | 1 2 3 4 |  4.4
Fighting       | 5 6 7 |  7.1
Dodging        | 5 6 7 |  7.1
Short Blades   | 7 8 |  8.5
Conjurations   | 6 7 |  7.1

Action                     |  1- 3 |  4- 6 |  7- 9 | 10-12 || total
---------------------------+-------+-------+-------+-------++-------
  Melee: Short sword       |   108 |    54 |       |    14 ||   176
         Bite              |     7 |     8 |    32 |     7 ||    54
         Quarterstaff      |       |   100 |    99 |       ||   199
         Dagger            |       |       |   212 |    49 ||   261
   Cast: Searing Ray       |     9 |     9 |    26 |       ||    44
         Kiss of Death     |       |     2 |       |       ||     2
         Poisonous Vapours |       |       |    13 |       ||    13
         Hailstorm         |       |       |    11 |       ||    11
         Magic Dart        |       |       |     7 |     1 ||     8
         Vhi's Electric Ch |       |       |     1 |       ||     1
         Iskenderun's Myst |       |       |       |    17 ||    17
         Sticky Flame      |       |       |       |     3 ||     3
    Use: Scroll            |       |     4 |     9 |     1 ||    14
         Potion            |       |       |     2 |     1 ||     3
   Stab: Sleeping          |       |     2 |     1 |     1 ||     4
         Confused          |       |     1 |       |       ||     1
         Distracted        |       |       |     1 |       ||     1
 Armour: Leather armour    |    11 |    41 |    74 |       ||   126
         Acid dragon scale |       |       |    18 |    27 ||    45
         Ring mail         |       |       |       |     4 ||     4
  Dodge: Dodged            |    95 |    96 |   240 |   115 ||   546
  Block: Other             |       |    24 |    18 |       ||    42
         Kite shield       |       |       |    24 |       ||    24
         Buckler           |       |       |   139 |    79 ||   218
         Reflection        |       |       |     9 |     1 ||    10

Table legend: (Time is in decaauts)
 A = Elapsed time spent in this place.
 B = Non-inter-level travel time spent in this place.
 C = Inter-level travel time spent in this place.
 D = Time resting spent in this place.
 E = Time spent auto-exploring this place.
 F = Levels seen in this place.
 G = Mean time per level.
                   A        B        C        D        E       F      G
               +--------+--------+--------+--------+--------+-----+--------+
         Total |   9041 |   8732 |    309 |      0 |   6820 |   9 | 1004.6 |
       Dungeon |   8229 |   7920 |    309 |      0 |   6213 |   8 | 1028.6 |
        Bailey |    812 |    812 |      0 |      0 |    606 |   1 |  812.0 |
               +--------+--------+--------+--------+--------+-----+--------+

Top non-repeatable levels by time:
     D:6: 2346 daAuts
     D:7: 1265 daAuts
     D:5: 1194 daAuts
     D:2: 1131 daAuts
     D:3: 910 daAuts
  Bailey: 812 daAuts
     D:1: 683 daAuts
     D:4: 662 daAuts
     D:8: 35 daAuts
